 Dungeon Crawl Stone Soup version 0.31.0-11-ge490571c62 (webtiles) character file.

Game seed: 5124885136151406074

6388 night the Cleaver (level 10, -2/91 HPs)
             Began as a Gnoll Chaos Knight on Jan 31, 2024.
             Was a Plaything of Xom.
             Slain by a troll (3 damage)
             ... on level 8 of the Dungeon.
             The game lasted 00:19:26 (7107 turns).

night the Cleaver (Gnoll Chaos Knight)              Turns: 7107, Time: 00:19:27

Health: -2/91      AC: 11    Str: 17    XL:     10   Next: 97%
Magic:  0/19       EV: 12    Int: 24    God:    Xom [...*..]
Gold:   125        SH:  5    Dex:  8    Spells: 10/21 levels left

rFire   . . .        c - +2 broad axe (elec)
rCold   x . .        f - +0 buckler
rNeg    + . .        P - +3 leather armour {rN+}
rPois   +            (helmet restricted)
rElec   .            t - +0 cloak {Will+}
rCorr   .            A - +0 pair of gloves
SInv    +            g - +0 pair of boots
Will    +....        e - amulet of guardian spirit
Stlth   ++++         m - ring of poison resistance
HPRegen 0.35/turn    J - ring of Eceyk {Fly Str+6 Int+7 Dex-3 Stlth+}
MPRegen 0.16/turn

%: guardian spirit
@: flying, very slightly contaminated
A: fangs 1, strong nose, distributed training, horns 1, see invisible, robust 1,
cold vulnerability 1
a: Renounce Religion


You were on level 8 of the Dungeon.
You worshipped Xom.
You were a favourite toy of Xom.
You visited 1 branch of the dungeon, and saw 8 of its levels.
You also visited: Sewer.

You collected 602 gold pieces.
You spent 477 gold pieces at shops.

Inventory:

Hand Weapons
 a - a +0 hand axe of chaos
 c - a +2 broad axe of electrocution (weapon)
 z - a +3 spectral battleaxe
Missiles
 h - 89 stones (quivered)
 u - 5 boomerangs
 I - 6 silver javelins
 O - 2 poisoned darts
Armour
 b - a +2 leather armour
 f - a +0 buckler (worn)
 g - a +0 pair of boots (worn)
 t - a +0 cloak of willpower (worn)
 y - a +0 robe
 A - a +0 pair of gloves (worn)
 P - a +3 leather armour of positive energy (worn)
Jewellery
 e - an amulet of guardian spirit (around neck)
 m - a ring of poison resistance (left hand)
 v - a ring of see invisible
 J - the ring of Eceyk (right hand) {Fly Str+6 Int+7 Dex-3 Stlth+}
   (You found it on level 5 of the Dungeon)

   [ring of strength]

   Str+6:     It affects your strength (+6).
   Int+7:     It affects your intelligence (+7).
   Dex-3:     It affects your dexterity (-3).
   Fly:       It grants you flight.
   Stlth+:    It makes you more stealthy.
 L - the ring "Dutete" {Ice rN+}
   (You found it on level 6 of the Dungeon)

   [ring of ice]

   Ice:       It enhances your ice magic.
   rF-:       It makes you vulnerable to fire.
   rC+:       It protects you from cold.
   rN+:       It protects you from negative energy.
Wands
 s - a wand of iceblast (4)
 x - a wand of polymorph (16)
 F - a wand of light (5)
 N - a wand of flame (19)
Scrolls
 j - a scroll of amnesia
 n - 6 scrolls of teleportation
 q - 3 scrolls of noise
 r - a scroll of enchant weapon
 B - a scroll of blinking
 G - 2 scrolls of enchant armour
 H - 2 scrolls of fear
Potions
 d - 2 potions of haste
 i - 2 potions of curing
 k - a potion of mutation
 l - 4 potions of might {unknown}
 o - 3 potions of degeneration
 p - 3 potions of lignification
 w - 2 potions of resistance
 E - a potion of heal wounds
 K - a potion of enlightenment {unknown}


   Skills:
 + Level 9.3 Fighting
 + Level 6.4 Short Blades
 + Level 6.4 Long Blades
 + Level 9.3 Axes
 + Level 6.4 Maces & Flails
 + Level 6.4 Polearms
 + Level 6.4 Staves
 + Level 6.4 Ranged Weapons
 + Level 6.4 Throwing
 + Level 8.0 Armour
 + Level 7.0 Dodging
 + Level 6.4 Stealth
 + Level 6.4 Shields
 + Level 6.4 Unarmed Combat
 + Level 6.4 Spellcasting
 + Level 5.3 Conjurations
 + Level 5.3 Hexes
 + Level 5.3 Summonings
 + Level 5.3 Necromancy
 + Level 5.3 Translocations
 + Level 5.3 Fire Magic
 + Level 5.3 Ice Magic
 + Level 5.3 Air Magic
 + Level 5.3 Earth Magic
 + Level 5.3 Alchemy
 + Level 7.1 Invocations
 + Level 6.4 Evocations
 + Level 5.9 Shapeshifting


You had 10 spell levels left.
You knew the following spells:

 Your Spells              Type           Power      Damage    Failure   Level
a - Sting                 Conj/Alch      100%       1d9       1%          1
b - Mercury Vapours       Alch/Air       66%        N/A       1%          2
d - Olgreb's Toxic Radia  Alch           33%        N/A       12%         4
e - Ignite Poison         Fire/Alch      33%        N/A       12%         4

Your spell library contained the following spells:

 Spells                   Type           Power      Damage    Failure   Level
 Summon Small Mammal      Summ           100%       N/A       1%          1
 Mephitic Cloud           Conj/Alch/Air  33%        N/A       3%          3
 Alistair's Intoxication  Alch           22%        N/A       34%         5
 Freezing Cloud           Conj/Ice/Air   16%        6-21      34%         5


Dungeon Overview and Level Annotations

Branches:
Dungeon (8/15)             Temple (0/1) D:7           Sewer (visited)
   Lair: D:8-11

Altars:
Ashenzari
Dithmenos
Gozag
Trog

Shops:
D:5 [   D:7 ?![[[

Annotations:
D:8 4 runed translucent doors


Innate Abilities, Weirdness & Mutations

You have very sharp teeth.
Your uncanny sense of smell can sniff out nearby items.
Your experience applies equally to all skills.
You have a pair of small horns on your head.
You have supernaturally acute eyesight. (SInv)
You are robust. (+10% HP)
You are vulnerable to cold. (rC-)


Message History

Unknown command.
You hit the orc wizard.
You bite the orc wizard, but do no damage.
The orc wizard is severely wounded.
The orc wizard looks even sicker.
The centaur looks even sicker.
The troll looks even sicker.
The centaur shoots an arrow.
The arrow closely misses you.
The centaur shoots an arrow.
The arrow hits you.
The orc wizard hits you with a +0 dagger.
The troll looks even sicker.
Your toxic aura wanes.
You kill the orc wizard!
The centaur unwields a +0 orcbow.
The centaur misses you. The centaur closely misses you.
The cyclops throws a large rock.
The large rock hits you!!!
You slash the centaur!
You kill the centaur!
Casting: Olgreb's Toxic Radiance (dangerous; 12% risk of failure)
Confirm with . or Enter, or press ? or * to list all spells.
You miscast Ignite Poison.
You are very lightly contaminated with residual magic.
Nothing appears to happen.
The troll bites you but does no damage. You block the troll's attack.
The troll claws you!
Casting: Ignite Poison (dangerous; 12% risk of failure)
Confirm with . or Enter, or press ? or * to list all spells.
You don't have enough magic to cast this spell.
You slash the troll!
The troll is heavily wounded.
You slash the cyclops! The troll bites you but does no damage.
You block the troll's attack. The troll claws you. The cyclops hits you.
You slash the troll!
The troll is almost dead.
You slash the cyclops!
The cyclops looks more healthy.
The troll bites you but does no damage. The troll misses you.
The troll claws you. The cyclops hits you!!
* * * LOW HITPOINT WARNING * * *
The troll attacks as it pursues you! The troll bites you!
* * * LOW HITPOINT WARNING * * *
The troll claws you.
You die...
Xom snickers!

#...###...##.# #.. ..#
######.....#.#####.# #.#
##<...c.....#.#### #.#
##.###..........# #.# ##
#.####.#..#.##.###.## .#
#.#.........#.......# .#
##...######..#..###..# .#
##...##..).##.........# .#
##....#@####.#.....###.## .#
##.....#TC.#.##..........#
.###......#)#.##.'.##++##...#
...+......#.##.#####8W.8##..#
####......##! .)# #8....8#..#
# ##......## ## #?....:#..#
##.....###### #}....?#..#
##...##...[# #8....8#..#
##+.#..#######8..8##.##


You could see a cyclops and a troll (very poisoned).

Vanquished Creatures
  A gargoyle (D:8)
  A polar bear (shapeshifter) (D:8)
  Sigmund (D:2)
  A yak (D:8)
  3 wyverns (D:8)
  2 water moccasins (D:6)
  An orc warrior (D:8)
  An ice beast (D:6)
  A sky beast (D:8)
  4 centaurs (D:8)
  2 phantoms
  A kobold brigand (D:6)
  Blork the orc (D:4)
  3 bullfrogs
  A scorpion (D:5)
  10 wights
  An orc priest (D:8)
  2 jellies
  A gnoll bouda (D:8)
  4 hounds
  3 iguanas
  4 sleepcaps
  6 orc wizards
  14 adders
  7 gnolls
  A white imp (D:7)
  2 ribbon worms (D:2)
  9 dart slugs
  17 orcs
  4 bats
  23 endoplasms
  20 giant cockroaches
  14 goblins
  13 hobgoblins
  11 kobolds
  6 quokkas
  11 ball pythons
  4 frilled lizards
  6 rats
217 creatures vanquished.

Notes
Turn   | Place    | Note
-------+----------+-------------------------------------------
     0 | D:1      | night the Gnoll Chaos Knight began the quest for the Orb.
     0 | D:1      | Reached XP level 1. HP: 23/23 MP: 1/1
    72 | D:1      | Found a faded altar of an unknown god.
    79 | D:1      | Got Plato's Lectures on Accomplices
    89 | D:1      | XOM: silly message
   137 | D:1      | Reached XP level 2. HP: 28/29 MP: 2/2
   193 | D:1      | XOM: silly message
   315 | D:1      | XOM: 2-stop teleportation journey
   462 | D:1      | XOM: silly message
   475 | D:1      | Reached XP level 3. HP: 35/35 MP: 3/3
   512 | D:1      | Reached skill level 1 in Invocations
   890 | D:2      | XOM: stat loss: -1 Str (10/11)
   896 | D:2      | Reached skill level 1 in Short Blades
   896 | D:2      | Reached skill level 1 in Long Blades
   896 | D:2      | Reached skill level 1 in Maces & Flails
   896 | D:2      | Reached skill level 1 in Polearms
   896 | D:2      | Reached skill level 1 in Staves
   896 | D:2      | Reached skill level 1 in Ranged Weapons
   896 | D:2      | Reached skill level 1 in Throwing
   896 | D:2      | Reached skill level 1 in Stealth
   896 | D:2      | Reached skill level 1 in Shields
   896 | D:2      | Reached skill level 1 in Unarmed Combat
   896 | D:2      | Reached skill level 1 in Spellcasting
   896 | D:2      | Reached skill level 1 in Evocations
   903 | D:2      | Reached skill level 1 in Shapeshifting
   903 | D:2      | Reached XP level 4. HP: 16/41 MP: 2/5
  1246 | D:2      | Reached skill level 1 in Conjurations
  1246 | D:2      | Reached skill level 1 in Hexes
  1246 | D:2      | Reached skill level 1 in Summonings
  1246 | D:2      | Reached skill level 1 in Necromancy
  1246 | D:2      | Reached skill level 1 in Translocations
  1246 | D:2      | Reached skill level 1 in Fire Magic
  1246 | D:2      | Reached skill level 1 in Ice Magic
  1246 | D:2      | Reached skill level 1 in Air Magic
  1246 | D:2      | Reached skill level 1 in Earth Magic
  1246 | D:2      | Reached skill level 1 in Alchemy
  1258 | D:2      | XOM: give mutations
  1258 | D:2      | Gained mutation: You have a pair of small horns on your
                  | head. [Xom's mischief]
  1258 | D:2      | Gained mutation: You are vulnerable to cold. (rC-) [Xom's
                  | mischief]
  1258 | D:2      | Gained mutation: Your spells are a little easier to cast,
                  | but a little less powerful. [Xom's mischief]
  1258 | D:2      | Lost mutation: Your spells are a little easier to cast, but
                  | a little less powerful. [Xom's mischief]
  1408 | D:2      | Noticed Sigmund
  1408 | D:2      | XOM: cast spell 'Dispersal'
  1425 | D:2      | Killed Sigmund
  1426 | D:2      | Reached skill level 5 in Armour
  1426 | D:2      | Reached skill level 2 in Invocations
  1426 | D:2      | Reached XP level 5. HP: 35/47 MP: 4/7
  1426 | D:2      | Reached XP level 6. HP: 40/53 MP: 4/8
  1427 | D:2      | XOM: stat loss: -1 Dex (10/11)
  1527 | D:3      | Noticed Robin
  1540 | D:3      | Reached skill level 2 in Short Blades
  1540 | D:3      | Reached skill level 2 in Long Blades
  1540 | D:3      | Reached skill level 2 in Maces & Flails
  1540 | D:3      | Reached skill level 2 in Polearms
  1540 | D:3      | Reached skill level 2 in Staves
  1540 | D:3      | Reached skill level 2 in Ranged Weapons
  1540 | D:3      | Reached skill level 2 in Throwing
  1540 | D:3      | Reached skill level 2 in Stealth
  1540 | D:3      | Reached skill level 2 in Shields
  1540 | D:3      | Reached skill level 2 in Unarmed Combat
  1540 | D:3      | Reached skill level 2 in Spellcasting
  1540 | D:3      | Reached skill level 2 in Evocations
  1541 | D:3      | XOM: confuse monster(s)
  1558 | D:3      | Robin changed into Robin the kobold
  1558 | D:3      | Noticed Robin
  1560 | D:3      | Killed Robin the kobold
  1998 | D:4      | Noticed Blork the orc
  2015 | D:4      | Killed Blork the orc
  2016 | D:4      | Reached skill level 2 in Shapeshifting
  2107 | D:4      | Found a glowing drain.
  2123 | Sewer    | Entered a sewer
  2203 | Sewer    | Reached XP level 7. HP: 39/60 MP: 7/10
  2362 | Sewer    | Reached skill level 2 in Conjurations
  2362 | Sewer    | Reached skill level 2 in Hexes
  2362 | Sewer    | Reached skill level 2 in Summonings
  2362 | Sewer    | Reached skill level 2 in Necromancy
  2362 | Sewer    | Reached skill level 2 in Translocations
  2362 | Sewer    | Reached skill level 2 in Fire Magic
  2362 | Sewer    | Reached skill level 2 in Ice Magic
  2362 | Sewer    | Reached skill level 2 in Air Magic
  2362 | Sewer    | Reached skill level 2 in Earth Magic
  2362 | Sewer    | Reached skill level 2 in Alchemy
  2593 | D:4      | XOM: silly message
  2610 | D:4      | XOM: divination: magic mapping
  2789 | D:4      | XOM: silly message
  3063 | D:4      | XOM: silly message
  3193 | D:4      | Got the Omnibus of Smouldering Alteration
  3196 | D:4      | Learned a level 1 spell: Sting
  3199 | D:4      | Learned a level 2 spell: Mercury Vapours
  3235 | D:5      | Entered Level 5 of the Dungeon
  3421 | D:5      | Found Ilaskaca's Armour Shoppe.
  3430 | D:5      | Identified the ring of Eceyk {Fly Str+6 Int+7 Dex-3 Stlth+}
  3439 | D:5      | Learned a level 4 spell: Olgreb's Toxic Radiance
  3444 | D:5      | Learned a level 4 spell: Ignite Poison
  3478 | D:5      | Reached XP level 8. HP: 67/67 MP: 8/12
  3742 | D:5      | XOM: cloud trail
  4026 | D:6      | Found a bloodstained altar of Trog.
  4084 | D:6      | XOM: summons friendly ufetubus
  4192 | D:6      | Identified the ring "Dutete" {Ice rN+}
  4253 | D:6      | XOM: swap monsters
  4602 | D:6      | XOM: confusion (+ monsters)
  4615 | D:6      | XOM: summons 5 hostile demons
  4619 | D:6      | HP: 9/68 [water moccasin (2)]
  4628 | D:6      | Reached XP level 9. HP: 10/73 MP: 1/14
  4979 | D:7      | Found Zatis's Magic Scroll Boutique.
  4992 | D:7      | XOM: 1-stop teleportation journey
  5003 | D:7      | Found a broken altar of Ashenzari.
  5034 | D:7      | XOM: cleaving
  5113 | D:7      | XOM: enchant monster (good)
  5178 | D:7      | XOM: destruction
  5185 | D:7      | XOM: smoke on damage
  5245 | D:7      | Found Ysoa's Armour Shoppe.
  5250 | D:7      | Found Ipsoisk's Distillery.
  5269 | D:7      | Found Iwkig's Antique Armour Emporium.
  5293 | D:7      | Bought a +3 leather armour of positive energy for 315 gold
                  | pieces
  5298 | D:7      | XOM: scenery: 1 doors close
  5313 | D:7      | Bought a potion of heal wounds for 50 gold pieces
  5352 | D:7      | Identified a scroll of acquirement
  5352 | D:7      | Acquired a +2 broad axe of electrocution
  5389 | D:7      | Found Oseal's Antique Armour Shoppe.
  5494 | D:7      | Reached skill level 5 in Dodging
  5509 | D:7      | Bought a scroll of identify for 28 gold pieces
  5509 | D:7      | Bought a scroll of identify for 28 gold pieces
  5509 | D:7      | Bought a scroll of identify for 28 gold pieces
  5513 | D:7      | Bought a scroll of identify for 28 gold pieces
  5646 | D:7      | XOM: god gift: +1 demon trident of venom
  5673 | D:7      | Found a staircase to the Ecumenical Temple.
  5769 | D:8      | Found a large runed translucent door.
  5769 | D:8      | Found a large runed translucent door.
  5776 | D:8      | Noticed a cyclops
  5787 | D:8      | Found a large runed translucent door.
  5787 | D:8      | Found a large runed translucent door.
  5822 | D:8      | Found an opulent altar of Gozag.
  5822 | D:8      | Found a shadowy altar of Dithmenos.
  5878 | D:8      | XOM: give mutations
  5878 | D:8      | Gained mutation: You have supernaturally acute eyesight.
                  | (SInv) [Xom's grace]
  5878 | D:8      | Gained mutation: You are robust. (+10% HP) [Xom's grace]
  6048 | D:8      | XOM: 2-stop teleportation journey
  6098 | D:8      | XOM: 2-stop teleportation journey
  6316 | D:8      | XOM: potion effect (experience)
  6316 | D:8      | Reached skill level 5 in Conjurations
  6316 | D:8      | Reached skill level 5 in Hexes
  6316 | D:8      | Reached skill level 5 in Summonings
  6316 | D:8      | Reached skill level 5 in Necromancy
  6316 | D:8      | Reached skill level 5 in Translocations
  6316 | D:8      | Reached skill level 5 in Fire Magic
  6316 | D:8      | Reached skill level 5 in Ice Magic
  6316 | D:8      | Reached skill level 5 in Air Magic
  6316 | D:8      | Reached skill level 5 in Earth Magic
  6316 | D:8      | Reached skill level 5 in Alchemy
  6316 | D:8      | Reached skill level 5 in Shapeshifting
  6316 | D:8      | Reached XP level 10. HP: 91/91 MP: 15/19
  6398 | D:8      | Noticed a gargoyle
  6403 | D:8      | XOM: divination: magic mapping
  6409 | D:8      | XOM: silly message
  6410 | D:8      | HP: 6/83 [gargoyle/stone arrow (12)]
  6412 | D:8      | Killed a gargoyle
  6874 | D:8      | XOM: divination: detect creatures
  6880 | D:8      | XOM: noise
  7099 | D:8      | Noticed a cyclops
  7106 | D:8      | HP: 13/91 [cyclops (20)]
  7107 | D:8      | HP: 1/91 [troll (12)]
  7107 | D:8      | Slain by a troll

Illustrated notes

Levels and vault maps discovered:
D:1:      enne_arrival_octagon_isle, layout_basic,
          shapermc_ecumenical_altar_rom_forum, minmay_statues_item, st_stairs_12
D:2:      layout_basic, uniq_sigmund
D:3:      layout_rooms, uniq_robin
D:4:      layout_loops_cross, portal_sewer_entry_f, uniq_blork_the_orc
D:5:      layout_loops_cross, serial_shops, nicolae_stop_n_shop_2
D:6:      layout_rooms, old_standard_altar
D:7:      layout_cave_pools, nicolae_ashenzari_skybound,
          minmay_temple_entry_nine_rooms, serial_shops, shop, shop_coins, shop,
          nicolae_shop_tiny_glass, shop, kennysheep_decorative_pillar,
          grunt_decor_cap
D:8:      layout_loops_corners, gammafunk_temple_overflow_statue,
          minmay_hollow_rounded_squares

Skill      XL: |  1  2  3  4  5  6  7  8  9 10 |
---------------+-------------------------------+-----
Invocations    | 1 2 3 4 6 7 |  7.1
Short Blades   | 1 2 3 6 |  6.4
Long Blades    | 1 2 3 6 |  6.4
Maces & Flails | 1 2 3 6 |  6.4
Polearms       | 1 2 3 6 |  6.4
Staves         | 1 2 3 6 |  6.4
Ranged Weapons | 1 2 3 6 |  6.4
Throwing       | 1 2 3 6 |  6.4
Stealth        | 1 2 3 6 |  6.4
Shields        | 1 2 3 6 |  6.4
Unarmed Combat | 1 2 3 6 |  6.4
Spellcasting   | 1 2 3 6 |  6.4
Evocations     | 1 2 3 6 |  6.4
Shapeshifting  | 1 2 3 5 |  5.9
Conjurations   | 1 2 3 5 |  5.3
Hexes          | 1 2 3 5 |  5.3
Summonings     | 1 2 3 5 |  5.3
Necromancy     | 1 2 3 5 |  5.3
Translocations | 1 2 3 5 |  5.3
Fire Magic     | 1 2 3 5 |  5.3
Ice Magic      | 1 2 3 5 |  5.3
Air Magic      | 1 2 3 5 |  5.3
Earth Magic    | 1 2 3 5 |  5.3
Alchemy        | 1 2 3 5 |  5.3
Armour         | 5 6 7 8 |  8.0
Dodging        | 3 4 6 7 |  7.0
Fighting       | 7 9 |  9.3
Axes           | 7 9 |  9.3

Action                     |  1- 3 |  4- 6 |  7- 9 | 10-12 || total
---------------------------+-------+-------+-------+-------++-------
  Melee: Hand axe          |    93 |   102 |       |       ||   195
         Bite              |     9 |     8 |    16 |     6 ||    39
         Headbutt          |       |    14 |    35 |    12 ||    61
         Battleaxe         |       |    30 |   228 |       ||   258
         Broad axe         |       |       |    11 |    61 ||    72
   Cast: Mercury Vapours   |       |       |     6 |       ||     6
         Sting             |       |       |     5 |     2 ||     7
         Olgreb's Toxic Ra |       |       |     3 |     3 ||     6
         Ignite Poison     |       |       |     2 |     1 ||     3
  Evoke: Wand              |       |       |     1 |     1 ||     2
    Use: Scroll            |       |       |    19 |       ||    19
         Potion            |       |       |     2 |     1 ||     3
   Stab: Confused          |     1 |       |       |       ||     1
         Paralysed         |     1 |       |       |       ||     1
         Sleeping          |       |       |    11 |     1 ||    12
         Petrifying        |       |       |     1 |       ||     1
         Distracted        |       |       |       |     1 ||     1
 Armour: Leather armour    |    44 |    91 |   180 |    68 ||   383
         Skin              |       |     7 |       |       ||     7
  Dodge: Dodged            |    45 |    66 |   184 |    44 ||   339
  Block: Buckler           |    25 |    21 |       |    19 ||    65
